 Dungeon Crawl Stone Soup version 0.29-a0-22-gbf593b16ee (webtiles) character file.

Game seed: 9642054607724416010

16742 Ajdolov the Severer (level 12, -8/112 HPs)
             Began as a Hill Orc Fighter on Jan 29, 2022.
             Was an Elder of Makhleb.
             Mangled by a freezing wraith (9 damage)
             ... in an ice cave.
             The game lasted 00:42:12 (17133 turns).

Ajdolov the Severer (Hill Orc Fighter)             Turns: 17133, Time: 00:42:13

Health: -8/112     AC: 15    Str: 24    XL:     12   Next: 40%
Magic:  0/21       EV:  6    Int:  8    God:    Makhleb [****..]
Gold:   800        SH:  6    Dex: 16    Spells: 11/11 levels left

rFire   . . .      SeeInvis .   a - +0 war axe
rCold   . . .      Faith    .   c - +0 buckler
rNeg    . . .      Spirit   +   v - +0 plate armour
rPois   .          Reflect  .   g - +0 helmet
rElec   .          Harm     .   B - +0 cloak
rCorr   .          Rampage  .   (no gloves)
Will    .....                   (no boots)
Stlth   ..........              n - amulet of guardian spirit
HPRegen 0.28/turn               C - +6 ring of dexterity
MPRegen 0.17/turn               (no ring)

@: no status effects
A: no striking features
a: Renounce Religion, Minor Destruction, Lesser Servant of Makhleb, Major
Destruction


You were in an ice cave.
You worshipped Makhleb.
Makhleb was greatly pleased with you.
You visited 3 branches of the dungeon, and saw 14 of its levels.
You also visited: Ice Cave.

You collected 800 gold pieces.

Inventory:

Hand Weapons
 a - a +0 war axe (weapon)
Missiles
 u - 10 poisoned darts
Armour
 b - a scarf of repulsion
 c - a +0 buckler (worn)
 g - a +0 helmet (worn)
 v - a +0 plate armour (worn)
 B - a +0 cloak (worn)
Jewellery
 n - an amulet of guardian spirit (around neck)
 C - a +6 ring of dexterity (left hand)
 K - a ring of positive energy
Wands
 w - a wand of digging (4)
 x - a wand of charming (2)
 D - a wand of polymorph (8)
 F - a wand of acid (4)
 G - a wand of paralysis (1)
 H - a wand of iceblast (9)
 L - a wand of flame (1)
Scrolls
 d - 2 scrolls of immolation {unknown}
 i - 9 scrolls of teleportation
 j - 2 scrolls of enchant weapon
 p - 5 scrolls of vulnerability
 q - a scroll of blinking
 y - 2 scrolls of noise {unknown}
 A - a scroll of magic mapping
 E - 2 scrolls of summoning
 J - a scroll of enchant armour {unknown}
 M - a scroll of fog {unknown}
 O - a scroll of torment {unknown}
Potions
 e - 5 potions of magic
 f - 2 potions of heal wounds
 h - 6 potions of curing
 k - a potion of resistance
 l - 2 potions of attraction {unknown}
 m - 3 potions of haste {unknown}
 o - a potion of degeneration {unknown}
 r - a potion of brilliance {unknown}
 s - a potion of flight {unknown}
 t - 5 potions of mutation {unknown}
 z - 4 potions of ambrosia
 I - 2 potions of lignification {unknown}
 N - a potion of cancellation {unknown}


   Skills:
 + Level 11.8 Fighting
 - Level 16.0 Axes
 + Level 6.7 Armour
 + Level 6.7 Shields
 * Level 13.2 Invocations


You had 11 spell levels left.
You didn't know any spells.
Your spell library contained the following spells:

 Spells                   Type           Power      Damage    Failure   Level
 Static Discharge         Conj/Air       0%         N/A       100%        2
 Sublimation of Blood     Necr           0%         N/A       100%        2
 Dazzling Flash           Conj/Hex       0%         N/A       100%        3
 Gell's Gravitas          Tloc           0%         N/A       100%        3
 Lesser Beckoning         Tloc           0%         N/A       100%        3
 Teleport Other           Tloc           0%         N/A       100%        3
 Tukima's Dance           Hex            0%         N/A       100%        3
 Passage of Golubria      Tloc           0%         N/A       100%        4
 Petrify                  Tmut/Erth      0%         N/A       100%        4
 Agony                    Necr           0%         N/A       100%        5
 Irradiate                Conj/Tmut      0%         3d13      100%        5
 Lightning Bolt           Conj/Air       0%         1d11      100%        5
 Silence                  Hex/Air        0%         N/A       100%        5
 Yara's Violent Unravell  Hex/Tmut       0%         3d3       100%        5
 Maxwell's Capacitive Co  Air            0%         ∞         100%        8


Dungeon Overview and Level Annotations

Branches:
Dungeon (11/15)            Temple (1/1) D:4            Lair (2/6) D:9
  IceCv (1/1)
  Swamp: Lair:2-4    Shoals: Lair:2-4     Snake: Lair:2-4    Spider: Lair:2-4
    Orc: D:9-12

Altars:
Cheibriados
Elyvilon
Fedhas
Gozag
Hepliaklqana
Kikubaaqudgha
Makhleb
Okawaru
Qazlal
Sif Muna
Uskayaw
Vehumet
Wu Jian
Xom
Yredelemnul

Shops:
D:1 *[:

Annotations:
D:8 6 transporters


Message History

You slash the elephant simulacrum!
The elephant simulacrum vaporises!
Makhleb accepts your kill.
You feel better. The freezing wraith closely misses you.
The freezing wraith hits you but does no damage.
The elephant simulacrum tramples you but does no damage.
The elephant simulacrum trunk-slaps you but does no damage.
You barely miss the freezing wraith.
The freezing wraith is heavily damaged.
You slash the elephant simulacrum! You block the freezing wraith's attack.
The freezing wraith hits you but does no damage.
The elephant simulacrum tramples you!
You stumble backwards!
Unknown command.
You barely miss the freezing wraith.
The freezing wraith is heavily damaged.
You hit the elephant simulacrum. The elephant simulacrum tramples you.
* * * LOW HITPOINT WARNING * * *
You stumble backwards!
You hit the elephant simulacrum.
The elephant simulacrum is heavily damaged.
You hit the elephant simulacrum but do no damage.
The elephant simulacrum is heavily damaged.
You barely miss the freezing wraith.
You block the freezing wraith's attack. x2
The elephant simulacrum tramples you but does no damage.
The elephant simulacrum trunk-slaps you but does no damage.
The freezing wraith hits you.
* * * LOW HITPOINT WARNING * * *
The freezing wraith freezes you!!
* * * LOW HITPOINT WARNING * * *
The freezing wraith barely misses you.
You feel much better.
You feel yourself speed up.
You block the elephant simulacrum's attack.
The elephant simulacrum trunk-slaps you but does no damage.
The freezing wraith hits you!
* * * LOW HITPOINT WARNING * * *
The freezing wraith freezes you!
* * * LOW HITPOINT WARNING * * *
The freezing wraith hits you!
You die...

####
####...##
##........
##.........
##..........
#.......8..?
#.........$.
#.Z.∩....$$©
#@W.......$.
#.......8..?
##..........
##.........
##........
####...##
####


You could see a freezing wraith and an elephant simulacrum.

Vanquished Creatures
  Erica (D:8)
  An ogre mage (D:10)
  4 two-headed ogres
  Pikel (D:6)
  A black mamba (Lair:1)
  Joseph (D:7)
  2 cane toads (Lair:2)
  A rime drake (Lair:1)
  Psyche (D:8)
  Maggie (D:7)
  2 ice devils (Lair:2)
  4 komodo dragons (Lair:1)
  A hornet (D:8)
  Prince Ribbit (D:7)
  4 blink frogs (Lair:1)
  Sigmund (D:4)
  14 yaks
  2 wraiths (D:10)
  A wyvern (D:10)
  A basilisk (Lair:1)
  Eustachio (D:4)
  2 steam dragons
  An acid dragon (D:10)
  2 water moccasins
  Duvessa (D:4)
  An ice beast (D:6)
  8 orc warriors
  A black bear (D:7)
  2 necrophages
  3 ogres (D:9)
  A centaur (D:9)
  2 phantoms (D:5)
  2 lemures (D:6)
  A kobold brigand (D:10)
  A wyvern zombie (D:7)
  2 gnoll sergeants
  A scorpion (D:7)
  3 bullfrogs (Lair:1)
  11 killer bees
  An elephant simulacrum (IceCv)
  Dowan (D:4)
  7 electric eels
  4 howler monkeys
  A bullfrog zombie (D:6)
  3 centaur zombies
  3 jellies
  3 hounds
  7 orc priests
  A gnoll shaman (D:5)
  Ijyb (D:5)
  3 iguanas
  4 orc wizards
  A wolf simulacrum (IceCv)
  A killer bee zombie (D:6)
  2 howler monkey zombies
  15 gnolls
  9 adders
  An ufetubus (D:6)
  A worm (D:2)
  5 dart slugs
  44 orcs
  6 endoplasms
  5 giant cockroaches
  4 goblins
  8 hobgoblins
  2 jackals
  8 kobolds
  3 quokkas
  6 ball pythons
  7 bats
  A frilled lizard (D:3)
  4 rats
263 creatures vanquished.

Vanquished Creatures (others)
  An orc priest (D:8)
  A bush (Lair:1)
  3 fungi (D:1)
  10 plants
15 creatures vanquished.

Grand Total: 278 creatures vanquished

Notes
Turn   | Place    | Note
-------+----------+-------------------------------------------
     0 | D:1      | Ajdolov the Hill Orc Fighter began the quest for the Orb.
     0 | D:1      | Reached XP level 1. HP: 19/19 MP: 1/1
    46 | D:1      | Reached skill level 3 in Axes
   150 | D:1      | Reached XP level 2. HP: 23/27 MP: 2/2
   440 | D:1      | Found Gaclusepp's General Store.
   508 | D:1      | Found Oblohonk's Armour Shop.
   568 | D:1      | Reached skill level 4 in Axes
   570 | D:1      | Reached XP level 3. HP: 33/33 MP: 3/3
   570 | D:1      | Found a faded altar of an unknown god.
   751 | D:1      | Found Iciwuud's Book Emporium.
  1395 | D:2      | Reached skill level 5 in Axes
  1395 | D:2      | Reached XP level 4. HP: 41/41 MP: 4/4
  2333 | D:3      | Reached XP level 5. HP: 47/47 MP: 5/5
  2356 | D:3      | Found an ornate altar of the Wu Jian Council.
  2650 | D:4      | Found a staircase to the Ecumenical Temple.
  2651 | D:4      | Noticed a necrophage
  2791 | D:2      | Killed a necrophage
  2792 | D:2      | Reached skill level 5 in Fighting
  2792 | D:2      | Reached skill level 6 in Axes
  2828 | Temple   | Entered the Ecumenical Temple
  2886 | Temple   | Became a worshipper of Makhleb the Destroyer
  2928 | Temple   | Reached skill level 1 in Invocations
  2928 | Temple   | Reached XP level 6. HP: 46/56 MP: 6/6
  3004 | Temple   | Reached skill level 7 in Axes
  3470 | D:4      | Noticed Sigmund
  3515 | D:4      | Killed Sigmund
  3516 | D:4      | Reached skill level 8 in Axes
  3516 | D:4      | Reached XP level 7. HP: 27/61 MP: 7/9
  3877 | D:4      | Noticed Eustachio
  3913 | D:4      | Killed Eustachio
  3976 | D:4      | Noticed Duvessa
  3976 | D:4      | Noticed Dowan
  3992 | D:4      | Killed Duvessa
  3993 | D:4      | Reached skill level 9 in Axes
  3997 | D:4      | Killed Dowan
  4195 | D:4      | Reached XP level 8. HP: 47/68 MP: 9/11
  4415 | D:4      | Found a blossoming altar of Fedhas.
  4571 | D:5      | Entered Level 5 of the Dungeon
  4571 | D:5      | Noticed Ijyb
  4580 | D:5      | Killed Ijyb
  4601 | D:5      | Reached skill level 10 in Axes
  4734 | D:5      | Reached * piety under Makhleb
  5275 | D:5      | Reached skill level 11 in Axes
  5337 | D:5      | Identified the +0 robe of Philately {Fly rC+ Will+ Int-3}
  5395 | D:5      | Found a hide-covered altar of Uskayaw.
  5554 | D:6      | Noticed Pikel
  5554 | D:6      | Found a hazy altar of Hepliaklqana.
  5587 | D:6      | Killed Pikel
  5588 | D:6      | Reached skill level 12 in Axes
  5588 | D:6      | Reached XP level 9. HP: 31/79 MP: 6/12
  5964 | D:6      | Reached skill level 5 in Invocations
  6844 | D:6      | Found an iron altar of Okawaru.
  6844 | D:6      | Found a radiant altar of Vehumet.
  6913 | D:7      | Noticed Maggie
  7141 | D:7      | Noticed Prince Ribbit
  7163 | D:7      | Killed Prince Ribbit
  7164 | D:7      | Reached skill level 13 in Axes
  7334 | D:7      | Reached ** piety under Makhleb
  7355 | D:7      | Noticed Joseph
  7388 | D:7      | Killed Joseph
  7722 | D:7      | Killed Maggie
  7723 | D:7      | Reached skill level 14 in Axes
  7920 | D:7      | Reached XP level 10. HP: 87/90 MP: 15/15
  8710 | D:8      | Found a transporter.
  8760 | D:8      | Found a transporter.
  9251 | D:8      | Paralysed by an orc warrior for 2 turns
  9386 | D:8      | Noticed Psyche
  9391 | D:8      | Killed Psyche
  9448 | D:8      | Found a transporter.
  9455 | D:8      | Found a transporter.
  9638 | D:8      | Noticed Erica
  9657 | D:8      | Paralysed by something for 5 turns
  9674 | D:8      | Paralysed by Erica for 6 turns
 10036 | D:8      | Killed Erica
 10037 | D:8      | Reached skill level 15 in Axes
 10065 | D:8      | Found a transporter.
 10066 | D:8      | Found a transporter.
 10501 | D:9      | Reached *** piety under Makhleb
 11098 | D:9      | Found a staircase to the Lair.
 11233 | D:9      | Reached skill level 10 in Fighting
 11259 | D:9      | Reached skill level 16 in Axes
 11485 | D:10     | Entered Level 10 of the Dungeon
 11541 | D:10     | Noticed a two-headed ogre
 11542 | D:10     | Noticed a two-headed ogre
 11544 | D:10     | Noticed an ogre mage
 11599 | D:9      | Killed a two-headed ogre
 11600 | D:9      | Reached XP level 11. HP: 52/100 MP: 10/18
 12248 | D:10     | Noticed a two-headed ogre
 12256 | D:10     | Noticed a two-headed ogre
 12295 | D:8      | Killed a two-headed ogre
 12296 | D:8      | Reached skill level 10 in Invocations
 12589 | D:8      | Killed a two-headed ogre
 12925 | D:9      | Killed a two-headed ogre
 13237 | D:10     | Killed an ogre mage
 13604 | D:10     | Reached skill level 5 in Armour
 13648 | D:10     | Reached skill level 5 in Shields
 13655 | D:10     | Reached **** piety under Makhleb
 14440 | D:11     | Noticed a phantasmal warrior
 14646 | D:11     | Noticed a rakshasa
 14681 | D:11     | Noticed a death knight
 15027 | Lair:1   | Entered Level 1 of the Lair of Beasts
 15702 | Lair:1   | Reached XP level 12. HP: 89/110 MP: 15/21
 16861 | Lair:2   | Found a frozen archway.
 17119 | IceCv    | Entered an ice cave
 17133 | IceCv    | HP: 1/112 [freezing wraith (15)]
 17133 | IceCv    | Mangled by a freezing wraith

Illustrated notes

Levels and vault maps discovered:
D:1:      matt_arrival_grand_opening, layout_loops_ring,
          shapermc_ecumenical_altar_gd, serial_shops,
          nicolae_shop_advertising_works [nicolae_subvault_shop_adworks],
          nicolae_lakefront_shop, shop
D:2:      layout_basic, kennysheep_generic_room_2
D:3:      layout_basic, general_overflow_altar, supply_closet_lemuel
D:4:      layout_gridville, marbit_many_paths, minmay_temple_entry_mini_moons,
          uniq_sigmund, uniq_eustachio, uniq_duvessa
D:5:      layout_basic, mainiacjoe_overflow_brackets, uniq_ijyb
D:6:      layout_loops_cross, lemuel_tele_altar,
          gammafunk_temple_overflow_pools, uniq_pikel
D:7:      layout_rooms, serial_rivers, chequers_serial_rivers_micro_d,
          chequers_serial_rivers_micro_b, chequers_serial_rivers_large_b,
          chequers_serial_rivers_large_a, uniq_maggie, uniq_prince_ribbit1,
          uniq_joseph
D:8:      layout_cave_pools, serial_nicolae_subway, nicolae_sub_station_crystal,
          nicolae_sub_station_stone, nicolae_sub_station_metal, uniq_psyche,
          uniq_erica
D:9:      layout_roguey [special_room_orc], lair_entry_dummy
D:10:     layout_basic, serial_corexii_hall, corexii_hall_statues_x,
          corexii_hall_statues_s, corexii_hall_statues_x,
          corexii_hall_statues_i, chequers_hall_statues_corner_a,
          corexii_hall_statues_x
D:11:     layout_loops_cross, cheibriados_altar_1
Temple:   eino_temple_rhombus
Lair:1:   layout_chaotic_city, serial_bayou_lagoon_a, minmay_hedge_maze,
          grunt_megastairs_3
Lair:2:   layout_big_grid, portal_ice_cave_demonic_guard
IceCv:    ice_cave_statue_garden_transporter

Skill      XL: |  1  2  3  4  5  6  7  8  9 10 11 12 |
---------------+-------------------------------------+-----
Axes           | 3 4 5 6 8 9 12 14 16 | 16.0
Fighting       | 4 5 7 8 10 11 | 11.8
Invocations    | 1 3 4 7 9 12 13 | 13.2
Armour         | 5 6 |  6.7
Shields        | 5 6 |  6.7

Action                   |  1- 3 |  4- 6 |  7- 9 | 10-12 || total
-------------------------+-------+-------+-------+-------++-------
Melee: War axe           |   102 |   142 |   313 |   583 ||  1140
       Unarmed           |       |       |     2 |       ||     2
Throw: Dart              |       |       |    16 |    13 ||    29
       Throwing net      |       |       |     2 |     2 ||     4
Invok: Minor Destruction |       |       |       |    77 ||    77
       Major Destruction |       |       |       |     3 ||     3
Evoke: Wand              |       |       |       |    12 ||    12
  Use: Potion            |       |     1 |     2 |     5 ||     8
       Scroll            |       |       |       |     9 ||     9
 Stab: Held in net/web   |       |       |     2 |     1 ||     3
       Paralysed         |       |       |       |     4 ||     4
Armor: Scale mail        |    62 |    54 |       |       ||   116
       Plate armour      |       |    19 |   175 |   231 ||   425
       Skin              |       |       |     2 |       ||     2
Dodge: Dodged            |    47 |    61 |    69 |   109 ||   286
       Repelled          |       |     1 |     2 |       ||     3
Block: Buckler           |    23 |    23 |    66 |   122 ||   234

Table legend: (Time is in decaauts)
 A = Elapsed time spent in this place.
 B = Non-inter-level travel time spent in this place.
 C = Inter-level travel time spent in this place.
 D = Time resting spent in this place.
 E = Time spent auto-exploring this place.
 F = Levels seen in this place.
 G = Mean time per level.
                   A        B        C        D        E       F      G
               +--------+--------+--------+--------+--------+-----+--------+
         Total |  17186 |  16323 |    863 |   5056 |   8058 |  15 | 1145.7 |
       Dungeon |  14958 |  14118 |    840 |   4096 |   7267 |  11 | 1359.8 |
        Temple |    153 |    144 |      9 |     63 |     47 |   1 |  153.0 |
          Lair |   2061 |   2047 |     14 |    897 |    743 |   2 | 1030.5 |
      Ice Cave |     13 |     13 |      0 |      0 |      0 |   1 |   13.0 |
               +--------+--------+--------+--------+--------+-----+--------+

Top non-repeatable levels by time:
     D:9: 2231 daAuts
     D:7: 2154 daAuts
    D:10: 2004 daAuts
  Lair:1: 1842 daAuts
     D:4: 1629 daAuts
     D:6: 1566 daAuts
     D:8: 1306 daAuts
     D:5: 984 daAuts
     D:3: 979 daAuts
     D:1: 963 daAuts
     D:2: 923 daAuts
  Lair:2: 218 daAuts
    D:11: 213 daAuts
  Temple: 153 daAuts
   IceCv: 13 daAuts
